 Dungeon Crawl Stone Soup version 0.32-a0-999-gfa1cc04b1d (webtiles) character file.

Game seed: 3312418410435008190

94 ezpacito the Chopper (level 4, -3/52 HPs)
             Began as a Coglin Chaos Knight on Apr 24, 2024.
             Was a Plaything of Xom.
             Engulfed by a steam dragon's steam (9 damage)
             ... on level 3 of the Dungeon.
             The game lasted 00:03:03 (2044 turns).

ezpacito the Chopper (Coglin Chaos Knight)          Turns: 2044, Time: 00:03:03

Health: -3/52      AC: 22    Str: 17 (19) XL:     4   Next: 63%
Magic:  5/5        EV:  2    Int:  8 (10) God:    Xom [.*....]
Gold:   167        SH:  0    Dex: 10 (12) Spells: 4/4 levels left

rFire   . . .        a - +0 hand axe (chaos) {Yuina}
rCold   . . .        n - +2 dagger (vamp) {Hayata}
rNeg    . . .        j - melded +0 chain mail
rPois   +            (helmet currently unavailable)
rElec   .            (cloak currently unavailable)
rCorr   .            d - melded +2 pair of gloves
SInv    .            (boots currently unavailable)
Will    .....        (amulet unavailable)
Stlth   +            (ring unavailable)
HPRegen 0.28/turn    (ring unavailable)
MPRegen 0.09/turn    (no gizmo)

%: no passive effects
@: brilliant, tree-form, weak-willed, invisible (expiring), revved
A: stationary, stasis, torment immunity, boosted hp, off-hand wielding, slow
wielding, warmup strikes, no jewellery, strong 1
a: Invent Gizmo, Renounce Religion


You were on level 3 of the Dungeon.
You worshipped Xom.
You were a plaything of Xom.
You were a tree.
You visited 1 branch of the dungeon, and saw 3 of its levels.

You collected 167 gold pieces.

Inventory:

Hand Weapons
 a - a +0 hand axe of chaos (weapon) {Yuina}
 b - a +0 war axe
 k - a +0 sling
 n - a +2 vampiric dagger (offhand) {Hayata}
Missiles
 p - 4 poisoned darts (quivered)
Armour
 d - a +2 pair of gloves (melded)
 j - a +0 chain mail (melded)
Talismans
 t - a serpent talisman
Scrolls
 o - a scroll of amnesia
 B - a scroll of blinking
Potions
 s - a potion of lignification


   Skills:
 * Level 3.2 Fighting
 * Level 3.3(3.6) Axes
 * Level 1.4(2.4) Polearms
 + Level 0.2 Ranged Weapons
 + Level 0.2 Throwing
 * Level 2.3 Armour
 * Level 1.5 Dodging
 + Level 0.5 Stealth
 + Level 0.9 Spellcasting
 + Level 0.0 Shapeshifting


You had 4 spell levels left.
You didn't know any spells.
Your spell library contained the following spells:

 Spells                   Type           Power      Damage    Failure   Level
 Ensorcelled Hibernation  Hex/Ice        0%         N/A       52%         2
 Static Discharge         Conj/Air       0%         3-3/arc   52%         2
 Fugue of the Fallen      Necr           0%         N/A       77%         3
 Airstrike                Air            0%         2d(0-16)  99%         4
 Anguish                  Hex/Necr       0%         N/A       99%         4
 Animate Dead             Necr           0%         N/A       99%         4
 Olgreb's Toxic Radiance  Alch           0%         N/A       99%         4
 Summon Lightning Spire   Summ/Air       0%         N/A       99%         4
 Borgnjor's Vile Clutch   Necr/Erth      0%         N/A       100%        5
 Death Channel            Necr           0%         N/A       100%        6
 Ozocubu's Refrigeration  Ice            0%         4d7       100%        7
 Discord                  Hex            0%         N/A       100%        8


Dungeon Overview and Level Annotations

Branches:
Dungeon (3/15)

Altars:
Gozag
Sif Muna


Innate Abilities, Weirdness & Mutations

You are a tree.
Your roots penetrate the ground, keeping you stationary.
You cannot be teleported.
You are immune to unholy pain and torment.
Your maximum health is greatly increased.
Your equipment is partially melded.
You can wield a second weapon in your off-hand.
It takes a long time for you to wield or remove held weapons.
Your first few attacks do less damage.
You cannot equip rings or amulets.
Your muscles are strong. (Str +4, Int/Dex -1)


Message History

Your butterfly disappears in a burst of colours!
The steam dragon bites you but does no damage.
The steam dragon claws you but does no damage.
You hit the steam dragon but do no damage.
The steam dragon is moderately wounded.
You hit the steam dragon but do no damage.
The steam dragon breathes steam at you.
The ball of steam hits you but does no damage.
You hit the steam dragon with your +0 hand axe of chaos.
The steam dragon is heavily wounded.
You hit the steam dragon but do no damage.
The steam dragon bites you but does no damage.
The steam dragon claws you but does no damage.
You take 8 damage, and have 21/52 hp.
You barely miss the steam dragon with your +0 hand axe of chaos.
The steam dragon is heavily wounded.
You hit the steam dragon but do no damage.
You flicker for a moment. "Time to have some fun!"
Your butterfly is engulfed in a cloud of scalding steam.
Your butterfly dies!
Your butterfly disappears in a burst of colours!
The steam dragon bites you but does no damage.
The steam dragon claws you but does no damage.
You take 5 damage, and have 16/52 hp.
You strike the helpless steam dragon from behind!
You hit the steam dragon but do no damage.
The steam dragon looks as sick as possible!
The steam dragon is heavily wounded.
You barely miss the steam dragon with your +2 vampiric dagger.
* * * LOW HITPOINT WARNING * * *
Your butterfly disappears in a burst of colours!
The steam dragon bites you but does no damage.
The steam dragon claws you but does no damage.
You take 10 damage, and have 6/52 hp.
You strike the helpless steam dragon from behind!
You hit the steam dragon but do no damage.
The steam dragon is severely wounded.
You hit the steam dragon with your +2 vampiric dagger.
You die...

##### ##.### #
#...####..###
#.#.........#
#.####.####..#
#####.####.# .....
#..........# .###
#...r.b...##.. .# #
#...§.....##.. #
#....♣D..##... ### #
#......(b#..#(.. ...##
#.....bb...#.... .....
#.....b...............
#.)...................
#........#............
#####....#.#..... ..#
#.......##...#
#.....#...#..####


You could see a steam dragon (unable to see you, extremely poisoned,
weak-willed, ally target) and a quokka (summoned, unable to see you).

Vanquished Creatures
  Natasha (D:3)
  An adder (D:2)
  A dart slug (D:2)
  A ribbon worm (D:2)
  3 endoplasms
  2 giant cockroaches (D:1)
  8 goblins
  6 hobgoblins
  3 jackals (D:1)
  6 kobolds
  6 quokkas
  2 ball pythons
  3 bats
  5 frilled lizards
  5 rats
53 creatures vanquished.

Notes
Turn   | Place    | Note
-------+----------+-------------------------------------------
     0 | D:1      | ezpacito the Coglin Chaos Knight began the quest for the
                  | Orb.
     0 | D:1      | Reached XP level 1. HP: 18/18 MP: 1/1
    83 | D:1      | XOM: silly message
    89 | D:1      | Reached skill level 1 in Dodging
   258 | D:1      | Reached XP level 2. HP: 24/24 MP: 2/2
   296 | D:1      | XOM: silly message
   322 | D:1      | XOM: god gift: 32 gold pieces
   440 | D:1      | Found a faded altar of an unknown god.
   529 | D:1      | XOM is BORED!
   529 | D:1      | XOM: give mutations
   529 | D:1      | Gained mutation: You are somewhat resistant to further
                  | mutation. [Xom's mischief]
   529 | D:1      | Gained mutation: Your body sometimes deteriorates upon
                  | taking damage. [Xom's mischief]
   601 | D:1      | XOM: give mutation
   601 | D:1      | Gained mutation: You are weak. (Str -2) [Xom's mischief]
   666 | D:1      | XOM: 1-stop teleportation journey
   675 | D:1      | Reached XP level 3. HP: 27/29 MP: 3/3
   746 | D:1      | Reached skill level 1 in Polearms
   876 | D:1      | XOM: give mutations
   876 | D:1      | Lost mutation: You are weak. (Str -2) [Xom's mischief]
   876 | D:1      | Gained mutation: You are clumsy. (Dex -2) [Xom's mischief]
   876 | D:1      | Lost mutation: You are clumsy. (Dex -2) [Xom's mischief]
  1548 | D:2      | Reached XP level 4. HP: 31/35 MP: 5/5
  1864 | D:3      | Found a shimmering blue altar of Sif Muna.
  1864 | D:3      | Found an opulent altar of Gozag.
  1898 | D:3      | Noticed Natasha
  1903 | D:3      | Killed Natasha
  1983 | D:3      | Noticed a steam dragon
  2018 | D:3      | XOM: cast spell 'Disjunction'
  2025 | D:3      | Lost mutation: Your body sometimes deteriorates upon taking
                  | damage. [potion of mutation]
  2025 | D:3      | Lost mutation: You are somewhat resistant to further
                  | mutation. [potion of mutation]
  2025 | D:3      | Gained mutation: Your muscles are strong. (Str +4, Int/Dex
                  | -1) [potion of mutation]
  2042 | D:3      | XOM: summons 1 hostile shadow creature
  2044 | D:3      | Engulfed by a steam dragon's steam

Illustrated notes

Levels and vault maps discovered:
D:1:      pf_arrival_petrified_forest, layout_basic,
          hellmonk_ecumenical_altar_arch_garden, serial_glass, glass_columns_c,
          glass_columns_b, grunt_decor_cap, hangedman_glass_teeth, minivault_26,
          minmay_misc_feat_roman, hangedman_decor_push
D:2:      cheibrodos_helix_gallery, layout_basic, nicolae_houndstooth_variations
D:3:      layout_rooms, mainiacjoe_overflow_divided_tiny, uniq_natasha

Skill      XL: |  1  2  3 |
---------------+----------+-----
Dodging        | 1 |  1.5
Armour         | 2 |  2.3
Polearms       | 1 |  1.4
Fighting       | |  3.2
Axes           | |  3.3
Ranged Weapons | |  0.2
Throwing       | |  0.2
Stealth        | |  0.5
Spellcasting   | |  0.9

Action                     |  1- 3 |  4- 6 || total
---------------------------+-------+-------++-------
  Melee: Dagger            |    92 |    23 ||   115
         Hand axe          |    94 |    21 ||   115
  Throw: Dart              |       |     1 ||     1
    Use: Potion            |       |    10 ||    10
         Scroll            |       |     4 ||     4
   Stab: Invisible         |       |     3 ||     3
         Confused          |       |     1 ||     1
 Armour: Leather armour    |     4 |       ||     4
         Chain mail        |    78 |    16 ||    94
         Skin              |       |    24 ||    24
  Dodge: Dodged            |    32 |     6 ||    38

Table legend: (Time is in decaauts)
 A = Elapsed time spent in this place.
 B = Non-inter-level travel time spent in this place.
 C = Inter-level travel time spent in this place.
 D = Time resting spent in this place.
 E = Time spent auto-exploring this place.
 F = Levels seen in this place.
 G = Mean time per level.
                   A        B        C        D        E       F      G
               +--------+--------+--------+--------+--------+-----+--------+
         Total |   2059 |   1945 |    114 |      0 |   1492 |   3 |  686.3 |
       Dungeon |   2059 |   1945 |    114 |      0 |   1492 |   3 |  686.3 |
               +--------+--------+--------+--------+--------+-----+--------+

Top non-repeatable levels by time:
     D:1: 1083 daAuts
     D:2: 709 daAuts
     D:3: 267 daAuts
